| TOP OF THE 1ST |
|
Mississippi State University Bulldogs batting - Pitching for University of Minnesota Golden Gophers : LHP Alexis Varela
|
|
Pitching: LHP Alexis Varela
|
|
|
Batting: RHB Freddie Kite
|
0-0: Ball 1-0: Ball 2-0: Called Strike 2-1: Called Strike 2-2: Strikes out swinging
|
|
Batting: RHB Logan Strassburg
|
0-0: Ball 1-0: Called Strike 1-1: Called Strike 1-2: Strikes out swinging
|
|
Batting: RHB Benito Gonzales
|
0-0: Ball 1-0: Called Strike 1-1: Called Strike 1-2: Ball 2-2: SINGLE (Groundball, 56S, EV 73.1 MPH) (infield hit)
|
|
Batting: RHB Cody Ammann
|
0-0: Foul Ball, location: 2F 0-1: Foul Ball, location: 2F 0-2: Strikes out swinging
|
| Top of the 1st over - 0 runs, 1 hit, 0 errors, 1 left on base; Mississippi State University 0 - University of Minnesota 0 |
| BOTTOM OF THE 1ST |
|
University of Minnesota Golden Gophers batting - Pitching for Mississippi State University Bulldogs : RHP Leo Rivera
|
|
Pitching: RHP Leo Rivera
|
|
|
Batting: RHB Tatsuyoshi Ikeda
|
0-0: Ball 1-0: Fly out, F3 (Line Drive, 3, EV 71.9 MPH)
|
|
Batting: RHB Roy Evenden
|
0-0: Ball 1-0: Called Strike 1-1: Called Strike 1-2: Ball 2-2: DOUBLE (Groundball, 3L, EV 105.0 MPH)
|
|
Batting: LHB Alex Villa
|
0-0: Ball 1-0: Ball 2-0: Ball 3-0: Called Strike 3-1: Called Strike 3-2: Foul Ball, location: 2F 3-2: Base on Balls
|
|
Batting: LHB Jose Moncada
|
0-0: Ball Roy Evenden steals 3rd base Alex Villa to second 1-0: Ball 2-0: SINGLE (Groundball, P, EV 85.0 MPH) (infield hit) Roy Evenden scores Alex Villa to third
|
|
Batting: RHB Jason Mooris
|
0-0: Foul Ball, location: 2F 0-1: Ball 1-1: Ball 2-1: 3-RUN HOME RUN (Flyball, 78XD, EV 106.2 MPH), Distance : 409 ft
|
|
Batting: RHB Ron Gooch
|
0-0: Called Strike 0-1: SINGLE (Groundball, 6MD, EV 106.2 MPH)
|
|
Batting: LHB Bobby Agterberg
|
0-0: SINGLE (Flyball, 5D, EV 91.9 MPH) Ron Gooch to second
|
|
Batting: LHB Ivan Villegas
|
0-0: Ball 1-0: Ball 2-0: Fielders Choice at 2nd, 3-6 (Groundball, 3, EV 83.1 MPH) Ron Gooch to third
|
|
Batting: LHB Phil Bonner
|
0-0: Fielders Choice at 2nd, 5-4 (Groundball, 5, EV 86.2 MPH)
|
| Bottom of the 1st over - 4 runs, 5 hits, 0 errors, 2 left on base; Mississippi State University 0 - University of Minnesota 4 |
| TOP OF THE 2ND |
|
Mississippi State University Bulldogs batting - Pitching for University of Minnesota Golden Gophers : LHP Alexis Varela
|
|
Batting: RHB Josh Simmons
|
0-0: Ball 1-0: Ball 2-0: Ball 3-0: Foul Ball, location: 2F 3-1: Base on Balls
|
|
Batting: RHB Josh Stene
|
0-0: Ball 1-0: Called Strike 1-1: Called Strike 1-2: Strikes out swinging
|
|
Batting: RHB Eric Riley
|
0-0: Swinging Strike 0-1: Called Strike 0-2: Strikes out swinging
|
|
Batting: RHB Bill Petipas
|
0-0: Ball 1-0: Called Strike 1-1: Fielders Choice at 2nd, U6 (Groundball, 6M, EV 85.0 MPH)
|
| Top of the 2nd over - 0 runs, 0 hits, 0 errors, 1 left on base; Mississippi State University 0 - University of Minnesota 4 |
| BOTTOM OF THE 2ND |
|
University of Minnesota Golden Gophers batting - Pitching for Mississippi State University Bulldogs : RHP Leo Rivera
|
|
Batting: RHB Tatsuyoshi Ikeda
|
0-0: Called Strike 0-1: Ball 1-1: Ground out 6-3 (Groundball, 4M, EV 98.8 MPH)
|
|
Batting: RHB Roy Evenden
|
0-0: Ball 1-0: Swinging Strike 1-1: Ball 2-1: Called Strike 2-2: Strikes out looking
|
|
Batting: LHB Alex Villa
|
0-0: Called Strike 0-1: Ball 1-1: DOUBLE (Line Drive, 89D, EV 105.6 MPH)
|
|
Batting: LHB Jose Moncada
|
0-0: Ball 1-0: Ball 2-0: Swinging Strike 2-1: Swinging Strike 2-2: Foul Ball, location: 2F 2-2: Foul Ball, location: 2F 2-2: Ball 3-2: Foul Ball, location: 2F 3-2: Strikes out swinging
|
| Bottom of the 2nd over - 0 runs, 1 hit, 0 errors, 1 left on base; Mississippi State University 0 - University of Minnesota 4 |
| TOP OF THE 3RD |
|
Mississippi State University Bulldogs batting - Pitching for University of Minnesota Golden Gophers : LHP Alexis Varela
|
|
Batting: RHB Karl Lukasiewicz
|
0-0: Called Strike 0-1: Called Strike 0-2: Strikes out swinging
|
|
Batting: RHB Freddie Kite
|
0-0: Called Strike 0-1: Foul Ball, location: 2F 0-2: Foul Ball, location: 2F 0-2: Strikes out swinging
|
|
Batting: RHB Logan Strassburg
|
0-0: Called Strike 0-1: Ball 1-1: Ground out 4-3 (Groundball, 4D, EV 86.2 MPH)
|
| Top of the 3rd over - 0 runs, 0 hits, 0 errors, 0 left on base; Mississippi State University 0 - University of Minnesota 4 |
| BOTTOM OF THE 3RD |
|
University of Minnesota Golden Gophers batting - Pitching for Mississippi State University Bulldogs : RHP Leo Rivera
|
|
Batting: RHB Jason Mooris
|
0-0: Ball 1-0: Called Strike 1-1: Foul Ball, location: 2F 1-2: Ball 2-2: Fly out, F8 (Flyball, 8RD, EV 108.1 MPH)
|
|
Batting: RHB Ron Gooch
|
0-0: Called Strike 0-1: Ball 1-1: Foul Ball, location: 2F 1-2: Ball 2-2: Strikes out looking
|
|
Batting: LHB Bobby Agterberg
|
0-0: Ground out 3-1 (Groundball, 34, EV 88.1 MPH)
|
| Bottom of the 3rd over - 0 runs, 0 hits, 0 errors, 0 left on base; Mississippi State University 0 - University of Minnesota 4 |
| TOP OF THE 4TH |
|
Mississippi State University Bulldogs batting - Pitching for University of Minnesota Golden Gophers : LHP Alexis Varela
|
|
Batting: RHB Benito Gonzales
|
0-0: Ground out 6-3 (Groundball, 6, EV 85.0 MPH)
|
|
Batting: RHB Cody Ammann
|
0-0: Ground out 4-3 (Groundball, 4, EV 86.2 MPH)
|
|
Batting: RHB Josh Simmons
|
0-0: Ball 1-0: Called Strike 1-1: Ball 2-1: Foul Ball, location: 2F 2-2: Strikes out swinging
|
| Top of the 4th over - 0 runs, 0 hits, 0 errors, 0 left on base; Mississippi State University 0 - University of Minnesota 4 |
| BOTTOM OF THE 4TH |
|
University of Minnesota Golden Gophers batting - Pitching for Mississippi State University Bulldogs : RHP Leo Rivera
|
|
Batting: LHB Ivan Villegas
|
0-0: Foul Ball, location: 2F 0-1: Ball 1-1: Swinging Strike 1-2: SINGLE (Groundball, 6MD, EV 106.2 MPH)
|
|
Batting: LHB Phil Bonner
|
0-0: Ball 1-0: Called Strike 1-1: Foul Ball, location: 2F 1-2: Grounds into double play, 5-4-3 (Groundball, 5, EV 84.4 MPH)
|
|
Batting: RHB Tatsuyoshi Ikeda
|
0-0: Ball 1-0: Ground out 5-3 (Groundball, 56S, EV 65.0 MPH)
|
| Bottom of the 4th over - 0 runs, 1 hit, 0 errors, 0 left on base; Mississippi State University 0 - University of Minnesota 4 |
| TOP OF THE 5TH |
|
Mississippi State University Bulldogs batting - Pitching for University of Minnesota Golden Gophers : LHP Alexis Varela
|
|
Batting: RHB Josh Stene
|
0-0: Swinging Strike 0-1: Ground out U3 (Groundball, 3, EV 85.0 MPH)
|
|
Batting: RHB Eric Riley
|
0-0: Called Strike 0-1: Ball 1-1: Foul Ball, location: 2F 1-2: Strikes out swinging
|
|
Batting: RHB Bill Petipas
|
0-0: Ball 1-0: Ball 2-0: Called Strike 2-1: Foul Ball, location: 2F 2-2: Strikes out swinging
|
| Top of the 5th over - 0 runs, 0 hits, 0 errors, 0 left on base; Mississippi State University 0 - University of Minnesota 4 |
| BOTTOM OF THE 5TH |
|
University of Minnesota Golden Gophers batting - Pitching for Mississippi State University Bulldogs : RHP Leo Rivera
|
|
Batting: RHB Roy Evenden
|
0-0: Called Strike 0-1: Foul Ball, location: 2F 0-2: Ball 1-2: Foul Ball, location: 2F 1-2: Strikes out swinging
|
|
Batting: LHB Alex Villa
|
0-0: Called Strike 0-1: Swinging Strike 0-2: Ball 1-2: Ball 2-2: Foul Ball, location: 2F 2-2: Foul Ball, location: 2F 2-2: Strikes out swinging
|
|
Batting: LHB Jose Moncada
|
0-0: Ball 1-0: Foul Ball, location: 2F 1-1: Ball 2-1: Foul Ball, location: 2F 2-2: Foul Ball, location: 2F 2-2: Strikes out looking
|
| Bottom of the 5th over - 0 runs, 0 hits, 0 errors, 0 left on base; Mississippi State University 0 - University of Minnesota 4 |
| TOP OF THE 6TH |
|
Mississippi State University Bulldogs batting - Pitching for University of Minnesota Golden Gophers : LHP Alexis Varela
|
|
Batting: RHB Karl Lukasiewicz
|
0-0: Called Strike 0-1: Ball 1-1: Ball 2-1: Foul Ball, location: 2F 2-2: Strikes out looking
|
|
Batting: RHB Freddie Kite
|
0-0: Swinging Strike 0-1: Foul Ball, location: 2F 0-2: Ball 1-2: Ball 2-2: Strikes out looking
|
|
Batting: RHB Logan Strassburg
|
0-0: Ball 1-0: Swinging Strike 1-1: Ball 2-1: Foul Ball, location: 2F 2-2: Foul Ball, location: 2F 2-2: Ball 3-2: Strikes out looking
|
| Top of the 6th over - 0 runs, 0 hits, 0 errors, 0 left on base; Mississippi State University 0 - University of Minnesota 4 |
| BOTTOM OF THE 6TH |
|
University of Minnesota Golden Gophers batting - Pitching for Mississippi State University Bulldogs : RHP Leo Rivera
|
|
Pitching: RHP Randy Richardson
|
|
|
Batting: RHB Jason Mooris
|
0-0: Ball 1-0: Ball 2-0: Ball 3-0: Base on Balls
|
|
Batting: RHB Ron Gooch
|
0-0: Called Strike 0-1: Fly out, F8 (Flyball, 8LD, EV 99.4 MPH)
|
|
Batting: LHB Bobby Agterberg
|
0-0: Ball 1-0: Foul Ball, location: 2F 1-1: Ball 2-1: Grounds into double play, 6-4-3 (Groundball, 6, EV 80.6 MPH)
|
| Bottom of the 6th over - 0 runs, 0 hits, 0 errors, 0 left on base; Mississippi State University 0 - University of Minnesota 4 |
| TOP OF THE 7TH |
|
Mississippi State University Bulldogs batting - Pitching for University of Minnesota Golden Gophers : LHP Alexis Varela
|
|
Batting: RHB Benito Gonzales
|
0-0: Ball 1-0: Foul Ball, location: 2F 1-1: Reached on error, E4 (Groundball, 4, EV 80.0 MPH)
|
|
Pitching: RHP Jason Jacobs
|
|
|
Batting: RHB Cody Ammann
|
0-0: Ball 1-0: Called Strike 1-1: Ball 2-1: Ball 3-1: Base on Balls
|
|
Batting: RHB Josh Simmons
|
0-0: Fielders Choice at 3rd, U5 (Groundball, 5L, EV 102.5 MPH) Cody Ammann to second
|
|
Batting: RHB Josh Stene
|
0-0: Ball 1-0: Called Strike 1-1: Fly out, F8 (Flyball, 8LM, EV 91.2 MPH)
|
|
Batting: RHB Eric Riley
|
0-0: Ball 1-0: Ball 2-0: Ball 3-0: Called Strike 3-1: Foul Ball, location: 2F 3-2: Foul Ball, location: 2F 3-2: Fly out, F2 (Popup, 23F, EV 81.9 MPH)
|
| Top of the 7th over - 0 runs, 0 hits, 1 error, 2 left on base; Mississippi State University 0 - University of Minnesota 4 |
| BOTTOM OF THE 7TH |
|
University of Minnesota Golden Gophers batting - Pitching for Mississippi State University Bulldogs : RHP Randy Richardson
|
|
Batting: LHB Ivan Villegas
|
0-0: Called Strike 0-1: Ball 1-1: Ground out 6-3 (Groundball, 6MS, EV 83.8 MPH)
|
|
Batting: LHB Phil Bonner
|
0-0: Foul Ball, location: 2F 0-1: Foul Ball, location: 2F 0-2: Foul Ball, location: 2F 0-2: Ball 1-2: Ground out 5-3 (Groundball, 56D, EV 83.8 MPH)
|
|
Batting: RHB Tatsuyoshi Ikeda
|
0-0: Swinging Strike 0-1: Ball 1-1: Called Strike 1-2: Ball 2-2: Foul Ball, location: 2F 2-2: Ball 3-2: Foul Ball, location: 2F 3-2: Strikes out looking
|
| Bottom of the 7th over - 0 runs, 0 hits, 0 errors, 0 left on base; Mississippi State University 0 - University of Minnesota 4 |
| TOP OF THE 8TH |
|
Mississippi State University Bulldogs batting - Pitching for University of Minnesota Golden Gophers : RHP Jason Jacobs
|
|
Batting: RHB Bill Petipas
|
0-0: Called Strike 0-1: Ball 1-1: SINGLE (Groundball, 13S, EV 64.4 MPH) (infield hit)
|
|
Batting: RHB Karl Lukasiewicz
|
0-0: Ball 1-0: Ball 2-0: Swinging Strike 2-1: Called Strike 2-2: Strikes out looking
|
|
Batting: RHB Freddie Kite
|
0-0: Ball 1-0: Foul Ball, location: 2F 1-1: Ball 2-1: Foul Ball, location: 2F 2-2: Ball 3-2: Base on Balls Bill Petipas to second
|
|
Batting: RHB Logan Strassburg
|
0-0: Foul Ball, location: 2F 0-1: Called Strike 0-2: Foul Ball, location: 2F 0-2: Ball 1-2: Ball 2-2: Strikes out swinging
|
|
Batting: RHB Benito Gonzales
|
0-0: Fielders Choice at 2nd, 6-4 (Groundball, 56, EV 86.2 MPH)
|
| Top of the 8th over - 0 runs, 1 hit, 0 errors, 2 left on base; Mississippi State University 0 - University of Minnesota 4 |
| BOTTOM OF THE 8TH |
|
University of Minnesota Golden Gophers batting - Pitching for Mississippi State University Bulldogs : RHP Randy Richardson
|
|
Batting: RHB Roy Evenden
|
0-0: Called Strike 0-1: Ball 1-1: Swinging Strike 1-2: Ground out 5-3 (Groundball, 56S, EV 91.2 MPH)
|
|
Batting: LHB Alex Villa
|
0-0: Ball 1-0: Ball 2-0: Foul Ball, location: 2F 2-1: Called Strike 2-2: Foul Ball, location: 2F 2-2: Ball 3-2: Foul Ball, location: 2F 3-2: Ground out 5-3 (Groundball, 56, EV 85.0 MPH)
|
|
Batting: LHB Jose Moncada
|
0-0: Foul Ball, location: 2F 0-1: Ball 1-1: Fly out, F4 (Popup, 13S, EV 86.2 MPH)
|
| Bottom of the 8th over - 0 runs, 0 hits, 0 errors, 0 left on base; Mississippi State University 0 - University of Minnesota 4 |
| TOP OF THE 9TH |
|
Mississippi State University Bulldogs batting - Pitching for University of Minnesota Golden Gophers : RHP Jason Jacobs
|
|
Pitching: RHP Mike Binns
|
|
|
Pinch Hitting: RHB Rich Martinez
|
0-0: Called Strike 0-1: Ball 1-1: Ball 2-1: Foul Ball, location: 2F 2-2: Ground out 6-3 (Groundball, 6, EV 106.2 MPH)
|
|
Batting: RHB Josh Simmons
|
0-0: Fly out, F8 (Flyball, 8LD, EV 104.4 MPH)
|
|
Batting: RHB Josh Stene
|
0-0: Ball 1-0: Ball 2-0: Ball 3-0: Base on Balls
|
|
Batting: RHB Eric Riley
|
0-0: Swinging Strike 0-1: Swinging Strike 0-2: Strikes out swinging
|
| Top of the 9th over - 0 runs, 0 hits, 0 errors, 1 left on base; Mississippi State University 0 - University of Minnesota 4 |
|